 Dungeon Crawl Stone Soup version 0.28-a0-969-g2dcde036d2 (webtiles) character file.

Game seed: 6969435545523688761

235 Froggeryz the Cudgeller (level 6, -4/37 HPs)
             Began as a Gargoyle Cinder Acolyte on Dec 1, 2021.
             Was a High Priest of Ignis.
             Slain by an ogre (24 damage)
             ... on level 4 of the Dungeon.
             The game lasted 00:03:27 (3367 turns).

Froggeryz the Cudgeller (Gargoyle Cinder Acolyte)   Turns: 3367, Time: 00:03:27

Health: -4/37      AC: 18    Str: 19    XL:     6   Next: 6%
Magic:  7/7        EV:  9    Int: 15    God:    Ignis [*****.]
Gold:   83         SH:  0    Dex:  5    Spells: 7/7 levels left

rFire   + . .      SeeInvis .   n - +0 whip (freeze)
rCold   . . .      Faith    .   (no shield)
rNeg    + . .      Spirit   .   e - +0 scale mail
rPois   ∞          Reflect  .   v - +1 helmet
rElec   +          Harm     .   o - +0 cloak
rCorr   .          Rampage  .   (no gloves)
Will    .....                   (no boots)
Stlth   ..........              b - amulet of the acrobat
HPRegen 0.12/turn               u - +4 ring of slaying
MPRegen 0.10/turn               f - +4 ring of protection

@: no status effects
A: sickness immunity, AC +4, negative energy resistance 1, electricity
resistance, torment resistance 1, petrification resistance
a: Renounce Religion, Fiery Armour, Foxfire Swarm, Rising Flame


You were on level 4 of the Dungeon.
You worshipped Ignis.
Ignis was extremely pleased with you.
You visited 1 branch of the dungeon, and saw 4 of its levels.

You collected 83 gold pieces.

Inventory:

Hand Weapons
 a - a -1 mace of flaming
 n - a +0 whip of freezing (weapon)
Armour
 e - a +0 scale mail (worn)
 o - a +0 cloak (worn)
 v - a +1 helmet (worn)
Jewellery
 b - an amulet of the acrobat (around neck)
 f - a +4 ring of protection (right hand)
 k - a ring of positive energy
 l - a ring of see invisible
 u - a +4 ring of slaying (left hand)
Wands
 q - a wand of mindburst (19)
Scrolls
 c - a scroll of teleportation {unknown}
 j - a scroll of noise {unknown}
 m - a scroll of magic mapping {unknown}
 p - a scroll of fog {unknown}
 r - a scroll of identify {unknown}
 s - a scroll of torment {unknown}
 t - a scroll of blinking {unknown}
Potions
 g - 2 potions of curing {unknown}
 h - a potion of berserk rage {unknown}
 i - a potion of flight {unknown}


   Skills:
 - Level 3.2 Fighting
 * Level 5.8 Maces & Flails
 + Level 3.0 Armour
 - Level 1.0 Spellcasting
 - Level 3.0 Fire Magic


You had 7 spell levels left.
You didn't know any spells.
Your spell library contained the following spells:

 Spells                   Type           Power      Damage    Failure   Level
 Scorch                   Fire           18%        2d5       32%         2
 Animate Skeleton         Necr           0%         N/A       58%         1
 Apportation              Tloc           0%         N/A       58%         1
 Summon Small Mammal      Summ           0%         N/A       58%         1
 Call Canine Familiar     Summ           0%         N/A       91%         3
 Summon Guardian Golem    Hex/Summ       0%         N/A       91%         3


Dungeon Overview and Level Annotations

Branches:
Dungeon (4/15)
 Temple: D:4-7

Altars:
Gozag
Vehumet
Yredelemnul
The Shining One


Innate Abilities, Weirdness & Mutations

You are immune to sickness and miasma.
Your stone body is resilient. (AC +4)
You are immune to poison.
You resist negative energy. (rN+)
You are resistant to electric shocks. (rElec)
You are resistant to unholy torment.
You are immune to petrification.


Message History

The ogre shouts!
The adder hisses angrily.
There are monsters nearby!
There are monsters nearby!
You hit the adder. You freeze the adder.
The adder is heavily wounded.
The adder bites you but does no damage.
You barely miss the adder.
The adder is heavily wounded.
The adder closely misses you.
You closely miss the adder.
The adder is heavily wounded.
The adder bites you but does no damage. The adder completely misses you.
The adder bites you but does no damage. The adder bites you but does no damage.
The adder completely misses you.
You closely miss the adder.
The adder is heavily wounded.
The adder bites you but does no damage.
You barely miss the adder.
The adder is moderately wounded.
The adder completely misses you.
You closely miss the adder.
The adder is moderately wounded.
The adder bites you but does no damage.
You hit the adder.
The adder seems to slow down.
You freeze the adder.
The adder is almost dead.
You hit the adder. You freeze the adder.
You kill the adder!
Your Armour skill increases to level 3!
You whack the ogre! You freeze the ogre.
The ogre is moderately wounded.
The ogre hits you with a +0 giant club!
You whack the ogre! You freeze the ogre.
The ogre is almost dead.
You hit the ogre. You freeze the ogre.
The ogre is almost dead.
The ogre hits you with a +0 giant club!!
Ouch! That really hurt!
You die...

#.#...####....#......))..####.
.....#.>..........###........##.
####..#....#......# ###......###
##.#.........#.# #<)....###
#.####........#####.........
#.######....................
##[..........................
#..##.........########........##.
#..............O@.......##.#.....
##..##..##########.####..#.##...#
## #..## ######.#####.....##.#
...## #........#####.(..... ####
#..........#...##....
#........#.....##....
#........##....##....
#........###...######
#####.###......####


You could see an ogre.

Vanquished Creatures
  A hound (D:4)
  2 orc wizards
  A hound skeleton (D:4)
  6 adders
  An ufetubus (D:3)
  2 worms
  A dart slug (D:2)
  14 orcs
  5 ball pythons
  2 endoplasms
  2 giant cockroaches
  8 goblins
  6 hobgoblins
  4 jackals (D:1)
  3 kobolds
  2 quokkas
  3 bats
  A frilled lizard (D:1)
64 creatures vanquished.

Notes
Turn   | Place    | Note
-------+----------+-------------------------------------------
     0 | D:1      | Froggeryz the Gargoyle Cinder Acolyte began the quest for
                  | the Orb.
     0 | D:1      | Reached XP level 1. HP: 14/14 MP: 2/2
    38 | D:1      | Found a faded altar of an unknown god.
   315 | D:1      | Reached XP level 2. HP: 19/19 MP: 3/3
  1248 | D:2      | Reached skill level 4 in Maces & Flails
  1248 | D:2      | Reached XP level 3. HP: 23/23 MP: 4/4
  1437 | D:2      | Reached skill level 1 in Armour
  1720 | D:3      | Reached XP level 4. HP: 15/28 MP: 5/5
  2198 | D:3      | Found an opulent altar of Gozag.
  2228 | D:2      | Reached skill level 5 in Maces & Flails
  2228 | D:2      | Reached XP level 5. HP: 17/32 MP: 6/6
  3229 | D:4      | Found a radiant altar of Vehumet.
  3229 | D:4      | Found a glowing golden altar of the Shining One.
  3230 | D:4      | Found a basalt altar of Yredelemnul.
  3253 | D:4      | Reached XP level 6. HP: 34/37 MP: 7/7
  3367 | D:4      | Slain by an ogre

Illustrated notes

Levels and vault maps discovered:
D:1:      minmay_arrival_semitransparent, layout_loops_corners,
          hellmonk_ecumenical_altar_pennies_from_heaven, kennysheep_nondescript
D:2:      layout_basic
D:3:      layout_basic, nicolae_gozag_seed_capital, amethyst_killhole
D:4:      layout_rooms, gammafunk_temple_overflow_claw, minmay_close_crescents

Skill      XL: |  1  2  3  4  5  6 |
---------------+-------------------+-----
Maces & Flails | 4 5 |  5.8
Armour         | 1 2 3 |  3.0
Fighting       | |  3.2
Spellcasting   | |  1.0
Fire Magic     | |  3.0

Action                   |  1- 3 |  4- 6 || total
-------------------------+-------+-------++-------
Melee: Mace              |   120 |    45 ||   165
       Whip              |       |   132 ||   132
Armor: Robe              |    12 |       ||    12
       Scale mail        |    69 |   138 ||   207
Dodge: Dodged            |    69 |    97 ||   166

Table legend: (Time is in decaauts)
 A = Elapsed time spent in this place.
 B = Non-inter-level travel time spent in this place.
 C = Inter-level travel time spent in this place.
 D = Time resting spent in this place.
 E = Time spent auto-exploring this place.
 F = Levels seen in this place.
 G = Mean time per level.
                   A        B        C        D        E       F      G
               +--------+--------+--------+--------+--------+-----+--------+
         Total |   3377 |   3207 |    170 |    391 |   2186 |   4 |  844.2 |
       Dungeon |   3377 |   3207 |    170 |    391 |   2186 |   4 |  844.2 |
               +--------+--------+--------+--------+--------+-----+--------+

Top non-repeatable levels by time:
     D:1: 1206 daAuts
     D:3: 956 daAuts
     D:2: 712 daAuts
     D:4: 502 daAuts
